 Dungeon Crawl Stone Soup version 0.27.1-34-g3ba077fa99 (webtiles) character file.

Game seed: 12571439416723959985

3797 4FPSwarrior the Covert (level 9, -4/68 HPs)
             Began as a Vampire Earth Elementalist on Jan 19, 2022.
             Was an Initiate of Vehumet.
             Slain by a hornet (15 damage)
             ... on level 9 of the Dungeon.
             The game lasted 00:37:10 (12127 turns).

4FPSwarrior the Covert (VpEE)                      Turns: 12127, Time: 00:37:10

Health: -4/68      AC:  4    Str:  7    XL:     9   Next: 96%
Magic:  1/17       EV: 11    Int: 20    God:    Vehumet [......]
Gold:   540        SH:  5    Dex: 15    Spells: 13/19 levels left

rFire    + . .     SeeInvis +   f - +2 dagger (vamp)
rCold    . . .     Faith    .   (no shield)
rNeg     . . .     Spirit   .   x - +0 leather armour {rF+}
rPois    +         Reflect  +   n - +0 helmet
rElec    .         Harm     .   (no cloak)
rCorr    .         Rampage  .   (no gloves)
Will     .....                  (no boots)
Stlth    ++++......             k - amulet of reflection
HPRegen  0.41/turn              q - ring of poison resistance
MPRegen  0.15/turn              (no ring)

@: healing quickly
A: alive, fangs 3, see invisible, vampiric 2
a: Exsanguinate, Renounce Religion


You were on level 9 of the Dungeon.
You worshipped Vehumet.
Vehumet was noncommittal.
You visited 2 branches of the dungeon, and saw 10 of its levels.

You collected 540 gold pieces.

Inventory:

Hand Weapons
 e - a +0 morningstar of protection
 f - a +2 vampiric dagger (weapon)
 j - a +3 dagger
Missiles
 d - 72 stones
 h - 70 poisoned darts (quivered)
Armour
 b - a +0 robe
 c - a +2 kite shield
 n - a +0 helmet (worn)
 w - +0 steam dragon scales
 x - a +0 leather armour of fire resistance (worn)
Jewellery
 k - an amulet of reflection (around neck)
 q - a ring of poison resistance (left hand)
Wands
 s - a wand of flame (41)
Scrolls
 g - a scroll of magic mapping {unknown}
 l - 11 scrolls of teleportation
 m - a scroll of vulnerability
 p - a scroll of holy word {unknown}
 r - 2 scrolls of blinking {unknown}
 t - 2 scrolls of fog
 v - a scroll of enchant armour {unknown}
 y - a scroll of silence
 z - a scroll of enchant weapon {unknown}
Potions
 a - 5 potions of attraction
 i - 2 potions of curing
 o - 2 potions of flight
 u - 2 potions of invisibility
 A - a potion of berserk rage {unknown}


   Skills:
 + Level 5.0 Fighting
 - Level 2.1 Dodging
 + Level 8.3 Stealth
 + Level 6.1 Unarmed Combat
 + Level 5.5 Spellcasting
 + Level 4.0 Conjurations
 + Level 4.7 Transmutations
 + Level 6.4 Earth Magic


You had 13 spell levels left.
You knew the following spells:

 Your Spells              Type           Power      Damage    Failure   Level
a - Sandblast             Erth           62%        2d14      1%          1
b - Passwall              Tmut/Erth      22%        N/A       2%          2
c - Stone Arrow           Conj/Erth      52%        3d10      6%          3

Your spell library contained the following spells:

 Spells                   Type           Power      Damage    Failure   Level
 Petrify                  Tmut/Erth      27%        N/A       17%         4
 Blink                    Tloc           N/A        N/A       26%         2
 Lesser Beckoning         Tloc           2%         N/A       45%         3
 Manifold Assault         Tloc           5%         N/A       99%         5


Dungeon Overview and Level Annotations

Branches:
Dungeon (9/15)             Temple (1/1) D:4
   Lair: D:8-11         Orc: D:9-12

Altars:
Ashenzari
Cheibriados
Dithmenos
Fedhas
Gozag
Hepliaklqana
Nemelex Xobeh
Qazlal
Sif Muna
Trog
Uskayaw
Vehumet
Wu Jian
Xom
Zin
The Shining One

Annotations:
D:5 exclusions: downstairs, ice beast and two-headed ogre
D:6 exclusion: door
D:8 3 runed translucent doors, exclusions: 3 doors, gargoyle and ice statue, Maggie; beardedkeet's ghost, novice MfGl


Innate Abilities, Weirdness & Mutations

Your natural rate of healing is accelerated.
You have razor-sharp teeth.
You have supernaturally acute eyesight. (SInv)
You are afflicted with vampirism and can become a bat while bloodless.


Message History

You block the hornet's attack.
The hornet stings you but does no damage.
Casting: Stone Arrow (dangerous; 6% risk of failure)
Confirm with . or Enter, or press ? or * to list all spells.
Aiming: Stone Arrow (dangerous; 6% risk of failure)
Press: ? - help, Shift-Dir - straight line, f/p - hornet
Aim: a hornet (heavily wounded, 57% to hit)
The stone arrow hits the hornet!
The hornet is severely wounded.
The hornet stings you.
Aiming: Throw Flame
Press: ? - help, Shift-Dir - straight line, f/p - hornet
Aim: a hornet (severely wounded, 52% to hit)
The puff of flame hits the hornet.
The hornet is almost dead.
The hornet barely misses you. x2
Okay, then.
Okay, then.
You hit the hornet but do no damage.
The hornet is almost dead.
The hornet stings you!
You hit the hornet but do no damage.
The hornet is almost dead.
The hornet stings you!
You feel yourself slow down. The hornet barely misses you.
Aiming: Throw Flame
Press: ? - help, Shift-Dir - straight line, f/p - hornet
Aim: a hornet (almost dead, 52% to hit)
The puff of flame hits the hornet.
The hornet is almost dead.
The hornet stings you!
* * * LOW HITPOINT WARNING * * *
The hornet stings you!
* * * LOW HITPOINT WARNING * * *
You feel as though you will be slow longer.
Your magical contamination has completely faded away.
You feel better.
You feel yourself speed up. The hornet stings you!
You die...

..........#
.........#
.........#
##...../..#
##........(#
#........$
#...y..#
#...@..#
#.......#
#........#
#..#........
..
#......... .
##......###
#....#.#
#.......


You could see a hornet.

Vanquished Creatures
  A wyvern (D:8)
  A yak (D:9)
  A steam dragon (D:8)
  2 water moccasins
  Duvessa (D:7)
  A black bear (D:6)
  2 ice beasts
  2 orc warriors
  A sky beast (D:8)
  2 hornet zombies
  A necrophage (D:5)
  2 ogres
  3 centaurs
  2 kobold brigands
  A phantom (D:4)
  2 bullfrogs
  A wyvern zombie (D:7)
  2 scorpions
  Dowan (D:7)
  2 killer bees (D:9)
  6 wights
  2 howler monkeys (D:8)
  3 centaur zombies
  A bullfrog zombie (D:7)
  2 orc priests (D:6)
  A bullfrog skeleton (D:5)
  2 hounds
  A jelly (D:5)
  Natasha (thrice) (D:3)
  Ijyb (D:5)
  4 iguanas
  An orc wizard (D:6)
  3 killer bee zombies
  2 howler monkey zombies
  A howler monkey skeleton (D:5)
  11 adders
  6 gnolls
  2 shadow imps
  A white imp (D:6)
  An adder skeleton (D:4)
  A worm (D:4)
  2 dart slugs
  11 orcs
  7 endoplasms
  3 giant cockroaches
  11 goblins
  12 hobgoblins
  2 quokkas (D:2)
  2 ball pythons
  10 bats
  2 frilled lizards
  16 kobolds
  6 rats
170 creatures vanquished.

Vanquished Creatures (others)
  5 plants (D:8)
5 creatures vanquished.

Grand Total: 175 creatures vanquished

Notes
Turn   | Place    | Note
-------+----------+-------------------------------------------
     0 | D:1      | 4FPSwarrior the Vampire Earth Elementalist began the quest
                  | for the Orb.
     0 | D:1      | Reached XP level 1. HP: 13/13 MP: 3/3
   272 | D:1      | Reached XP level 2. HP: 20/20 MP: 0/5
   584 | D:1      | Reached skill level 1 in Unarmed Combat
  1060 | D:1      | Learned a level 2 spell: Passwall
  1131 | D:2      | Found a faded altar of an unknown god.
  1156 | D:2      | Gained mutation: You are afflicted with vampirism and can
                  | become a bat while bloodless. [Vampire growth]
  1156 | D:2      | Reached XP level 3. HP: 25/25 MP: 4/6
  1183 | D:2      | Reached skill level 1 in Fighting
  1225 | D:2      | Learned a level 3 spell: Stone Arrow
  1448 | D:2      | You fall into a shaft and drop 2 floors!
  1705 | D:2      | Reached XP level 4. HP: 25/32 MP: 7/7
  2187 | D:3      | Noticed Natasha
  2241 | D:3      | Noticed a scorpion
  2865 | D:3      | Killed a scorpion
  2866 | D:3      | Reached skill level 1 in Conjurations
  2866 | D:3      | Reached XP level 5. HP: 24/38 MP: 9/9
  3115 | D:3      | Found an opulent altar of Gozag.
  3261 | D:4      | Found a staircase to the Ecumenical Temple.
  3286 | Temple   | Entered the Ecumenical Temple
  3668 | D:4      | Noticed a phantom
  3920 | D:3      | Killed Natasha
  4018 | D:3      | Noticed Natasha
  4025 | D:3      | Killed Natasha
  4026 | D:3      | Reached XP level 6. HP: 36/44 MP: 6/10
  4193 | D:3      | Found an opulent altar of Gozag.
  4294 | D:3      | Noticed Natasha
  4301 | D:3      | Killed Natasha
  4609 | D:5      | Entered Level 5 of the Dungeon
  4626 | D:5      | Noticed an ice beast
  4992 | D:5      | Noticed Ijyb
  4997 | D:5      | Killed Ijyb
  5007 | D:5      | Noticed an ice beast
  5018 | D:4      | Reached XP level 7. HP: 21/51 MP: 3/12
  5231 | D:4      | Reached skill level 4 in Stealth
  6087 | D:4      | Reached skill level 5 in Stealth
  6190 | D:5      | Reached XP level 8. HP: 45/58 MP: 0/14
  6444 | D:5      | Reached skill level 5 in Earth Magic
  6538 | D:5      | Noticed a two-headed ogre
  7149 | D:6      | Noticed a hornet
  7287 | D:6      | Reached skill level 6 in Stealth
  7978 | D:6      | Found a hide-covered altar of Uskayaw.
  8115 | D:6      | Reached skill level 5 in Unarmed Combat
  8670 | D:7      | Found a broken altar of Ashenzari.
  8688 | D:7      | Noticed Duvessa
  8723 | D:7      | Found a radiant altar of Vehumet.
  8775 | D:7      | Reached XP level 9. HP: 65/65 MP: 0/16
  8877 | D:7      | Noticed Dowan
  9134 | D:7      | Killed Dowan
  9267 | D:7      | Killed Duvessa
  9387 | D:7      | Reached skill level 7 in Stealth
  9635 | D:7      | Became a worshipper of Vehumet
  9650 | D:7      | Found a bloodstained altar of Trog.
  9992 | D:7      | Reached skill level 5 in Spellcasting
 10075 | D:7      | Found a sparkling altar of Nemelex Xobeh.
 10361 | D:8      | Found a runed translucent gate.
 10362 | D:8      | Found a runed translucent gate.
 10363 | D:8      | Found a runed translucent gate.
 10364 | D:8      | Noticed beardedkeet's ghost (novice MfGl)
 10364 | D:8      | Noticed a ten-headed hydra
 10372 | D:8      | Noticed Maggie
 10394 | D:8      | Noticed an ice statue
 10547 | D:8      | Noticed a gargoyle
 11116 | D:8      | Found a blossoming altar of Fedhas.
 11408 | D:8      | Reached skill level 8 in Stealth
 11547 | D:8      | Noticed a manticore
 12032 | D:9      | Reached skill level 5 in Fighting
 12127 | D:9      | Slain by a hornet

Illustrated notes

Levels and vault maps discovered:
D:1:      heliophobic_arrival_ceremonial_halls, layout_loops_ring,
          minmay_tree_intersection
D:2:      layout_loops_ring, chequers_ecumenical_altar_simple,
          minmay_misc_feat_doors
D:3:      layout_rooms, nicolae_overflow_crystal_walls,
          chequers_hall_statues_wall_a, uniq_natasha
D:4:      layout_gridville, minmay_temple_entry_stoned_glass,
          cheibrodos_sewer_entry_bend, mrwooster_statue_mirror,
          kennysheep_generic_room_10
D:5:      minmay_angry_zag, layout_rooms, uniq_ijyb
D:6:      layout_loops_ring, old_standard_altar, minmay_misc_feat_ornament,
          grunt_ministairs_3
D:7:      layout_cave_pools, nemelex_dance_club_becter,
          ashenzari_conservatory_becter, vehumet_crystals,
          general_overflow_altar, uniq_duvessa
D:8:      minmay_statue_hallways, layout_gridville, lemuel_tele_altar,
          gammafunk_ghost_hydra_chop, minmay_the_grid_2x2 [minmay_the_grid_mess,
          minmay_the_grid_minigrid_small_alt, minmay_the_grid_rooms,
          minmay_the_grid_prize_trominoes], uniq_maggie
D:9:      minmay_flawed_box, layout_rooms, bloody_makhleb
Temple:   compressed_dpeg_triangle_lava_temple

Skill      XL: |  1  2  3  4  5  6  7  8  9 |
---------------+----------------------------+-----
Unarmed Combat | 1 2 3 4 5 6 |  6.1
Fighting       | 1 2 3 4 5 |  5.0
Transmutations | 2 3 4 |  4.7
Conjurations   | 1 2 3 4 |  4.0
Spellcasting   | 3 4 5 |  5.5
Earth Magic    | 4 5 6 |  6.4
Stealth        | 5 6 8 |  8.3
Dodging        | |  2.1

Action                   |  1- 3 |  4- 6 |  7- 9 || total
-------------------------+-------+-------+-------++-------
Melee: Unarmed           |    60 |    88 |       ||   148
       Bite              |     3 |    10 |    13 ||    26
       Dagger            |       |    73 |    91 ||   164
       Punch             |       |     2 |     2 ||     4
Throw: Dart              |     8 |    27 |       ||    35
 Cast: Sandblast         |    57 |    29 |    21 ||   107
       Stone Arrow       |       |     3 |   159 ||   162
Evoke: Wand              |       |       |     2 ||     2
  Use: Potion            |       |     3 |     2 ||     5
       Scroll            |       |     4 |     6 ||    10
 Stab: Sleeping          |     1 |     6 |     4 ||    11
Armor: Robe              |    27 |    22 |     8 ||    57
       Leather armour    |       |       |    12 ||    12
Dodge: Dodged            |    79 |    95 |    86 ||   260
Block: Other             |       |    15 |    44 ||    59
       Reflection        |       |       |     3 ||     3
